Map: Oxyde EC

Players

ROORKuSh

  • Race: Terran Terran
  • League: Master

Prøject - Winner!

  • Race: Terran Terran
  • League: Master

VOD

Have the link to the VOD?

Description

Time

  • Played on: Aug. 17, 2021, 8:20 a.m.
  • Length: 14:27
Show
View Real Time Build Order
Export as new Build Order

ROORKuSh Terran 

Build Orders: Mech 

Get SALT Encoding   

  12  0:01  SCV  
  13  0:13  SCV  
  14  0:17  Supply Depot  
  14  0:25  SCV  
  15  0:38  SCV  
  15  0:40  Barracks  
  16  0:45  Refinery  
  16  0:53  SCV  
  16  0:56  Refinery  
  17  1:05  SCV  
  18  1:17  SCV  
  19  1:28  Barracks Reactor  
  19  1:31  Orbital Command  
  19  1:32  Supply Depot  
  19  1:50  Factory  
  19  1:56  SCV  
  20  2:08  SCV  
  20  2:11  Reaper x2  
  23  2:19  Supply Depot  
  23  2:21  SCV  
  24  2:33  Hellion, SCV  
  27  2:39  Starport  
  27  2:43  Reaper x2  
  29  2:46  SCV  
  29  2:51  Supply Depot  
  30  2:55  Hellion  
  32  3:15  Reaper x2  
  32  3:16  Hellion  
  32  3:17  Medivac  
  38  3:32  Supply Depot  
  38  3:38  Hellion  
  40  3:46  Medivac  
  42  3:59  Hellion  
  44  4:06  SCV  
  44  4:07  Command Center  
  45  4:27  Starport Tech Lab  
  44  4:32  Factory Tech Lab  
  44  4:34  SCV  
  45  4:39  Factory x2  
  35  4:49  SCV  
  35  4:51  Siege Tank  
  39  4:54  Marine x2  
  41  5:01  SCV  
  42  5:12  Marine x2  
  42  5:13  SCV  
  45  5:21  Orbital Command  
  39  5:24  Factory Reactor  
  39  5:25  Factory Tech Lab, SCV  
  40  5:30  Marine x2  
  40  5:33  Raven  
  44  5:37  SCV  
  44  5:39  Refinery  
  44  5:40  Refinery  
  45  5:46  SCV  
  45  5:47  Marine  
  45  5:48  Marine  
  45  5:49  SCV  
  49  5:58  SCV  
  49  6:01  SCV  
  51  6:10  SCV  
  52  6:13  SCV  
  52  6:14  Siege Tank  
  52  6:15  Siege Tank  
  52  6:16  Hellion x2  
  63  6:22  SCV  
  64  6:26  SCV  
  64  6:31  Raven  
  67  6:35  SCV  
  67  6:38  SCV  
  69  6:41  Command Center  
  69  6:47  SCV  
  70  6:50  Starport  
  70  6:53  Factory Reactor  
  70  7:05  Supply Depot  
  70  7:06  Supply Depot  
  70  7:07  Supply Depot  
  70  7:08  Supply Depot  
  70  7:27  Viking, Siege Tank x2, SCV  
  70  7:28  SCV  
  74  7:39  SCV  
  74  7:40  SCV  
  74  7:41  Viking x2  
  76  7:57  Viking, SCV x2  
  80  8:03  Hellion x2  
  84  8:09  Siege Tank, SCV x2  
  84  8:11  Viking x2  
  93  8:18  Orbital Command  
  93  8:21  SCV x2  
  93  8:26  Siege Tank  
  72  8:27  Viking  
  98  8:31  Refinery, Hellion x2  
  98  8:32  Refinery  
  98  8:33  SCV x2  
  106  8:41  Viking x2  
  106  8:45  SCV  
  107  8:57  Viking  
  90  9:11  Viking  
  90  9:14  Siege Tank  
  90  9:15  Siege Tank, Hellion x2  
  102  9:17  Viking  
  102  9:21  SCV  
  102  9:22  SCV x2  
  107  9:32  Supply Depot  
  107  9:33  SCV, Supply Depot  
  107  9:34  SCV x2, Factory  
  110  9:39  Hellion x2, Factory  
  110  9:44  Viking x2  
  117  9:49  Command Center  
  117  9:54  SCV x3  
  117  9:55  Supply Depot  
  117  9:56  Supply Depot  
  117  9:57  Siege Tank  
  123  10:08  Siege Tank, Hellion  
  123  10:09  Hellion  
  123  10:12  SCV  
  123  10:13  SCV x2  
  133  10:24  Viking x2, Factory Tech Lab  
  133  10:25  Viking  
  139  10:29  Siege Tank  
  139  10:34  SCV x2  
  139  10:35  SCV  
  143  10:46  SCV  
  144  10:51  Armory  
  144  10:52  Siege Tank, Armory  
  144  10:53  Hellion x3  
  156  11:01  Siege Tank  
  156  11:03  Viking x2  
  160  11:06  Viking  
  162  11:16  Hellion x3  
  171  11:21  Infernal Pre-Igniter  
  171  11:28  Command Center  
  171  11:35  Hellion  
  170  11:41  Siege Tank  
  171  11:57  Terran Vehicle Weapons Level 1  
  171  12:00  Terran Ship Weapons Level 1  
  171  12:07  Orbital Command  
  171  12:11  Engineering Bay, Command Center  
  171  12:14  Refinery  
  171  12:17  Refinery  
  171  12:38  Factory  
  171  12:40  Viking x3, Siege Tank x3  
  171  12:41  Factory  
  186  12:48  Hellion  
  186  12:50  Hellion x2  
  187  13:16  Viking x2  
  187  13:17  Viking, Siege Tank x2, Hellion x2  
  158  13:30  SCV  
  158  13:33  Starport  
  107  13:42  SCV  
  107  13:45  Factory Tech Lab x2  
  107  13:46  Viking x2  
  107  13:47  Viking  
  102  13:49  Siege Tank  
  102  13:50  Siege Tank x2  
  102  13:51  Hellion x4  
Show
View Real Time Build Order
Export as new Build Order

Prøject Terran - Winner!

Build Orders:  

Get SALT Encoding   

  12  0:00  SCV  
  13  0:12  SCV  
  14  0:17  Supply Depot  
  14  0:24  SCV  
  15  0:38  SCV  
  15  0:39  Barracks  
  16  0:43  Refinery  
  16  0:50  SCV  
  16  0:53  Refinery  
  17  1:02  SCV  
  18  1:14  SCV  
  19  1:28  Reaper  
  19  1:29  Orbital Command  
  20  1:32  Supply Depot  
  20  1:43  Factory  
  20  1:55  SCV  
  21  2:01  Reaper  
  22  2:09  SCV  
  23  2:18  Command Center  
  23  2:22  SCV  
  24  2:27  Hellion  
  26  2:34  SCV, Barracks Reactor  
  27  2:37  Supply Depot  
  27  2:46  SCV  
  27  2:48  Widow Mine  
  30  2:51  Starport  
  30  2:58  SCV  
  31  3:10  Factory Tech Lab, SCV  
  31  3:12  Marine x2  
  34  3:19  Refinery  
  34  3:22  SCV  
  35  3:29  Starport Tech Lab  
  35  3:30  Cyclone  
  35  3:31  Marine x2  
  41  3:34  SCV  
  41  3:36  Orbital Command  
  41  3:46  SCV  
  42  3:49  Supply Depot  
  42  3:53  Raven  
  44  3:58  SCV  
  44  4:02  SCV  
  44  4:05  Cyclone  
  44  4:06  Marine  
  48  4:10  SCV  
  48  4:14  SCV  
  50  4:23  SCV  
  51  4:29  SCV  
  52  4:35  SCV  
  53  4:42  SCV  
  50  4:47  SCV  
  50  4:48  Raven  
  50  4:49  Siege Tank  
  56  4:54  SCV  
  56  4:59  SCV  
  58  5:01  Supply Depot  
  58  5:06  SCV  
  59  5:11  SCV  
  60  5:14  Command Center  
  60  5:18  SCV  
  60  5:20  Marine  
  62  5:22  Marine  
  62  5:23  Siege Tank  
  62  5:25  SCV  
  67  5:32  Refinery, Supply Depot  
  67  5:36  SCV  
  67  5:42  SCV  
  69  5:48  SCV, Supply Depot  
  70  5:53  Viking x2  
  70  5:54  SCV  
  75  5:57  Siege Tank  
  75  5:59  Stimpack  
  75  6:02  Supply Depot  
  78  6:08  Barracks  
  78  6:10  SCV x2  
  78  6:11  Barracks  
  80  6:20  Supply Depot  
  80  6:21  Engineering Bay x2  
  80  6:22  SCV  
  81  6:32  Viking x2  
  85  6:41  SCV  
  85  6:44  SCV  
  87  6:54  SCV  
  87  6:57  Barracks Reactor  
  87  6:58  Siege Tank  
  87  7:00  Orbital Command  
  91  7:01  SCV  
  91  7:05  Sensor Tower  
  91  7:06  Barracks  
  91  7:07  Barracks  
  92  7:10  SCV  
  92  7:15  Terran Infantry Armor Level 1, Terran Infantry Weapons Level 1  
  93  7:20  Viking x2  
  93  7:22  SCV  
  98  7:24  Barracks Reactor  
  98  7:30  Refinery  
  98  7:31  Supply Depot  
  98  7:33  Refinery  
  101  7:44  Siege Tank  
  101  7:46  SCV  
  101  7:48  Marine x2  
  101  7:49  Marine, Combat Shield  
  106  7:51  SCV  
  106  7:59  SCV  
  106  8:00  Barracks Reactor x2  
  107  8:08  Marine  
  107  8:09  Marine x4  
  112  8:16  Barracks Tech Lab x2  
  111  8:20  SCV  
  112  8:34  Command Center  
  112  8:36  Marauder  
  112  8:37  Siege Tank, Concussive Shells, Marauder x2  
  112  8:38  Marine  
  112  8:39  Marine x3  
  112  8:40  Medivac x2  
  129  8:46  SCV, Fusion Core  
  129  8:47  Starport  
  130  8:49  SCV, Starport  
  106  9:03  SCV  
  106  9:08  SCV  
  93  9:11  Marine x3, Marauder x2  
  93  9:12  Siege Tank  
  100  9:17  Marine x2  
  102  9:29  Marine  
  103  9:32  Marauder x2  
  103  9:33  SCV x2  
  103  9:34  SCV  
  103  9:35  Refinery, Starport Reactor  
  103  9:36  Viking x2, Starport Reactor  
  114  9:39  Refinery  
  114  9:41  Armory  
  114  9:45  SCV  
  114  9:50  Siege Tank  
  118  9:55  Planetary Fortress  
  118  10:01  Marine x4, Marauder x3  
  124  10:09  Medivac x2  
  124  10:12  SCV x2  
  130  10:22  Marauder  
  130  10:23  Siege Tank  
  130  10:25  Viking x4  
  143  10:37  Terran Infantry Weapons Level 2, Terran Infantry Armor Level 2  
  143  10:40  SCV x4  
  147  10:48  Viking x2  
  149  10:52  Marauder x3  
  149  10:53  Marine  
  156  11:05  Supply Depot  
  156  11:07  Supply Depot  
  156  11:08  Supply Depot  
  156  11:17  Advanced Ballistics  
  156  11:19  Terran Vehicle And Ship Armor Level 1  
  156  11:22  Supply Depot  
  156  11:23  Supply Depot  
  156  11:24  Armory  
  156  11:26  Marine  
  156  11:27  Viking x2, Marauder  
  156  11:28  Viking x4  
  156  11:30  Supply Depot  
  171  11:33  Siege Tank  
  171  11:35  Marauder x2, Marine x2  
  171  11:36  Marine  
  175  11:48  Marauder  
  172  11:57  Viking  
  174  12:04  Viking  
  174  12:05  Sensor Tower  
  174  12:06  Viking  
  174  12:07  Command Center  
  174  12:08  Command Center  
  178  12:11  Viking  
  178  12:15  Viking  
  182  12:24  Viking  
  182  12:25  Siege Tank  
  182  12:28  Terran Ship Weapons Level 1  
  187  12:36  Viking  
  189  12:37  Liberator x2  
  193  12:58  Viking x2  
  192  13:00  Viking  
  168  13:24  Siege Tank, Marine x2, Marauder  
  168  13:25  Viking x3, Marauder x2  
  159  13:28  Viking  
  148  13:39  Marine x2  
  125  13:42  Marine  
  125  13:44  Marine  
  125  13:46  Marauder x3  
  133  13:54  Factory  
  133  13:56  Orbital Command, Marine  
  133  13:57  Command Center  
Tags
 
Composition
Mech
Matchup
TvT
Race
Terran
Add a new tag
Caveats
  • Supply blocks, unpowered buildings, or Contaminate may cause inaccurate times.
  • Supply counts are checked every 10 seconds.